 Dungeon Crawl Stone Soup version 0.29.0 (webtiles) character file.

Game seed: 10880421962135589332

281868 catcat the Metallomancer (level 20, -3/128 HPs)
             Began as a Gargoyle Earth Elementalist on Aug 31, 2022.
             Was the Champion of Qazlal.
             Killed from afar by a deep elf sorcerer (27 damage)
             ... with damnation
             ... on level 3 of the Elven Halls on Sept 1, 2022.
             The game lasted 03:30:40 (49118 turns).

catcat the Metallomancer (GrEE)                    Turns: 49118, Time: 03:30:41

Health: -3/128     AC: 26    Str: 14    XL:     20   Next: 51%
Magic:  35/44      EV: 11    Int: 26    God:    Qazlal [******]
Gold:   3870       SH: 20    Dex:  8    Spells: 6/41 levels left

rFire   + + .      SeeInvis .   H - staff of earth
rCold   + . .      Faith    .   w - +1 kite shield {reflect}
rNeg    + + .      Spirit   .   O - +3 ring mail {rF+}
rPois   ∞          Reflect  +   a - +2 helmet {Int+3}
rElec   +          Harm     .   k - scarf {rC+ rF+}
rCorr   .          Rampage  .   Z - +2 pair of gloves
Will    +++..                   y - +0 pair of boots
Stlth   ..........              I - amulet of magic regeneration
HPRegen 0.00/turn               z - ring of Uderawud {rN+ Will++ Stlth-}
MPRegen 0.69/turn               E - ring of magical power

@: protected from electricity, corroded, flying, inhibited regen, hasted,
studying Staves, repel missiles, very quick
A: sickness immunity, AC +15, big wings, negative energy resistance 1,
electricity resistance, torment resistance 1, petrification resistance, clumsy
1, deformed body, inhibited regeneration
}: 2/15 runes: barnacled, gossamer
a: Renounce Religion, Upheaval, Elemental Force, Disaster Area


You were on level 3 of the Elven Halls.
You worshipped Qazlal.
Qazlal was exalted by your worship.
You visited 6 branches of the dungeon, and saw 33 of its levels.
You visited the Abyss 1 time.
You visited 1 bazaar.
You also visited: Sewer, Gauntlet, Ice Cave and Volcano.

You collected 5116 gold pieces.
You spent 1246 gold pieces at shops.

Inventory:

Hand Weapons
 W - the +9 flail "Evuabi" {vorpal, rC+ Will- rCorr Dex+6}
   (You found it on level 12 of the Dungeon)

   It inflicts extra damage upon your enemies.
   Dex:       It affects your dexterity (+6).
   rC:        It protects you from cold.
   rCorr:     It protects you from acid and corrosion.
   Will:      It decreases your willpower.
Armour
 a - a +2 helmet of intelligence (worn)
 k - a scarf of resistance (worn)
 r - an orb of mayhem
 w - a +1 kite shield of reflection (worn)
 y - a +0 pair of boots (worn)
 N - a +2 cloak
 O - a +3 ring mail of fire resistance (worn)
 P - a +2 robe of fire resistance
 T - the +1 leather armour of Dice, Bag, and Bottle {Rampage Will+ Int+2}
   (You found it on level 8 of the Dungeon)

   Int:       It affects your intelligence (+2).
   Rampage:   It bestows one free step when moving towards enemies.
   Will:      It increases your willpower.
 Z - a +2 pair of gloves (worn)
Magical Staves
 H - a staff of earth (weapon)
Jewellery
 s - a ring of willpower
 z - the ring of Uderawud (left hand) {rN+ Will++ Stlth-}
   (You found it in a Gauntlet)

   [ring of positive energy]

   rN:        It protects you from negative energy.
   Will:      It greatly increases your willpower.
   Stlth:     It makes you less stealthy.
 E - a ring of magical power (right hand)
 G - the ring of Kikubaaqudgha's Fury {Dex+4 SInv}
   (You took it off a minotaur in a Gauntlet)

   [ring of see invisible]

   Dex:       It affects your dexterity (+4).
   SInv:      It lets you see invisible.
 I - an amulet of magic regeneration (around neck)
 L - a ring of resist corrosion
 V - a ring of wizardry
 Y - a ring of fire
Wands
 c - a wand of quicksilver (16)
 t - a wand of flame (45)
 v - a wand of mindburst (32)
 M - a wand of digging (10)
 X - a wand of roots (15)
Scrolls
 e - 6 scrolls of immolation
 f - 3 scrolls of summoning
 h - a scroll of amnesia
 i - 8 scrolls of enchant weapon
 j - a scroll of magic mapping
 m - 4 scrolls of poison
 n - 5 scrolls of teleportation
 x - 7 scrolls of fear
 A - 3 scrolls of fog
 D - 4 scrolls of enchant armour
 U - 3 scrolls of vulnerability
Potions
 b - 6 potions of magic
 g - 7 potions of brilliance
 l - 10 potions of curing
 o - a potion of mutation
 p - 3 potions of invisibility
 q - 4 potions of cancellation
 u - 9 potions of haste
 B - 6 potions of might
 C - 6 potions of resistance
 F - 7 potions of lignification
 J - 6 potions of attraction
 K - 3 potions of berserk rage
 Q - 5 potions of ambrosia
 S - 5 potions of heal wounds
Miscellaneous
 R - a phial of floods


   Skills:
 + Level 14.4 Fighting
 - Level 7.0 Armour
 - Level 7.7 Dodging
 - Level 2.1 Stealth
 - Level 13.0 Shields
 - Level 11.0 Spellcasting
 - Level 21.0 Conjurations
 - Level 3.0 Necromancy
 - Level 4.0 Transmutations
 - Level 22.0 Earth Magic
 * Level 8.5 Invocations


You had 6 spell levels left.
You knew the following spells:

 Your Spells              Type           Power      Damage    Failure   Level
a - Sandblast             Erth           100%       2d20      0%          1
b - Passwall              Tmut/Erth      74%        N/A       1%          2
c - Stone Arrow           Conj/Erth      100%       3d13      0%          3
d - Borgnjor's Vile Clut  Necr/Erth      43%        N/A       2%          5
e - Iskenderun's Battles  Conj           89%        2d14      1%          5
f - Magic Dart            Conj           100%       1d8       0%          1
g - Irradiate             Conj/Tmut      34%        3d23      2%          5
h - Orb of Destruction    Conj           44%        9d12      2%          7
i - Iron Shot             Conj/Erth      56%        9d11      1%          6

Your spell library contained the following spells:

 Spells                   Type           Power      Damage    Failure   Level
 Searing Ray              Conj           100%       2d8       0%          2
 Shock                    Conj/Air       100%       1d9       1%          1
 Static Discharge         Conj/Air       62%        3-11/arc  1%          2
 Conjure Flame            Conj/Fire      62%        6-21      1%          3
 Fulminant Prism          Conj/Hex       31%        3d16      1%          4
 Hailstorm                Conj/Ice       62%        3d13      1%          4
 Leda's Liquefaction      Hex/Erth       41%        N/A       1%          4
 Petrify                  Tmut/Erth      89%        N/A       1%          4
 Sticky Flame             Conj/Fire      62%        2d8       1%          4
 Beastly Appendage        Tmut           70%        N/A       3%          1
 Wereblood                Tmut           35%        N/A       4%          2
 Fireball                 Conj/Fire      31%        3d13      5%          5
 Lightning Bolt           Conj/Air       31%        1d48      5%          5
 Sting                    Tmut/Pois      96%        1d7       7%          1
 Freeze                   Ice            56%        1d7       16%         1
 Slow                     Hex            56%        N/A       16%         1
 Spider Form              Tmut/Pois      24%        N/A       21%         3
 Ensorcelled Hibernation  Hex/Ice        28%        N/A       22%         2
 Poisonous Vapours        Pois/Air       28%        N/A       22%         2
 Ignite Poison            Fire/Tmut/Pois 21%        N/A       26%         3
 Conjure Ball Lightning   Conj/Air       31%        3x3d10    30%         6
 Call Canine Familiar     Summ           14%        N/A       41%         3
 Frozen Ramparts          Ice            28%        1d5       41%         3
 Ozocubu's Armour         Ice            14%        N/A       41%         3
 Portal Projectile        Hex/Tloc       28%        N/A       41%         3
 Summon Guardian Golem    Hex/Summ       14%        N/A       41%         3
 Swiftness                Air            14%        N/A       41%         3
 Tukima's Dance           Hex            14%        N/A       41%         3
 Anguish                  Hex/Necr       11%        N/A       63%         4
 Blade Hands              Tmut           17%        N/A       63%         5
 Corpse Rot               Necr/Pois/Air  19%        N/A       69%         4
 Airstrike                Air            7%         2d(1-17)  83%         4
 Olgreb's Toxic Radiance  Pois           14%        N/A       83%         4
 Summon Lightning Spire   Summ/Air       14%        N/A       83%         4
 Alistair's Intoxication  Tmut/Pois      16%        N/A       88%         5
 Metabolic Englaciation   Hex/Ice        7%         N/A       99%         5
 Summon Forest            Summ/Tloc      7%         N/A       99%         5
 Eringya's Noxious Bog    Tmut/Pois      12%        N/A       100%        6
 Simulacrum               Ice/Necr       11%        N/A       100%        6
 Spellforged Servitor     Conj/Summ      31%        N/A       86%         7
 Dragon Form              Tmut           17%        N/A       100%        7
 Haunt                    Necr/Summ      11%        N/A       100%        7
 Storm Form               Tmut/Air       12%        N/A       100%        7
 Maxwell's Capacitive Co  Air            7%         ∞         100%        8


Dungeon Overview and Level Annotations

Branches:
Dungeon (15/15)            Temple (0/1) D:4            Lair (5/5) D:9
 Shoals (4/4) Lair:3       Spider (4/4) Lair:3        Slime (0/5) Lair:5
    Orc (2/2) D:9             Elf (3/3) Orc:2        Vaults (0/5) D:13
 Depths (0/4) D:15          Sewer (visited)           IceCv (visited)
Volcano (visited)         Gauntlet (visited)

Altars:
Ashenzari
Cheibriados
Dithmenos
Elyvilon
Fedhas
Kikubaaqudgha
Makhleb
Nemelex Xobeh
Okawaru
Qazlal
Sif Muna
Trog
Uskayaw
Vehumet
Wu Jian
Xom
Yredelemnul
Zin
The Shining One
Jiyva

Shops:
D:3 (   D:13 (   D:15 :   Orc:1 *   Orc:2 ?:![   Elf:1 [[[[   Elf:2 ![((*
Elf:3 =:[:   Shoals:1 (   Shoals:2 *(*[

Portals:
Pandemonium: Orc:2

Annotations:
D:2 Terence
Lair:5 exclusion: 3 oklob plants
Shoals:2 Roxanne


Innate Abilities, Weirdness & Mutations

You are immune to sickness and miasma.
Your stone body is resilient. (AC +15)
You are immune to poison.
Your large and strong wings let you fly.
You resist negative energy. (rN+)
You are resistant to electric shocks. (rElec)
You are resistant to unholy torment.
You are immune to petrification.
You are clumsy. (Dex -2)
Armour fits poorly on your strangely shaped body.
You do not regenerate when monsters are visible.


Message History

The zombie hands constrict the deep elf sorcerer!
The zombie hands constrict the deep elf sorcerer.
The zombie hands constrict the +2 vampiric battleaxe.
The deep elf sorcerer struggles to escape constriction. x2
The +2 vampiric battleaxe struggles to escape constriction.
The zombie hands constrict the deep elf sorcerer! x2
The zombie hands constrict the +2 vampiric battleaxe!
You hear a shout!
The deep elf sorcerer struggles to escape constriction.
The deep elf sorcerer escapes!
The +2 vampiric battleaxe escapes!
The deep elf sorcerer points at you and mumbles some strange words.
The bolt of acid hits you!! The acid corrodes you!
Casting: Borgnjor's Vile Clutch (dangerous; 2% risk of failure)
Confirm with . or Enter, or press ? or * to list all spells.
Aiming: Iron Shot (mildly dangerous; 1% risk of failure)
Press: ? - help, Shift-Dir - straight line, f - deep elf sorcerer, p - deep elf sorcerer
Aim: a deep elf sorcerer, wielding a +0 dagger (heavily wounded, fast, 71% to hit)
You feel a surge of power!
The iron shot misses the deep elf sorcerer.
The zombie hands constrict the deep elf sorcerer!
You hear a shout!
A deep elf blademaster comes into view. It is wielding two +0 short swords.
The deep elf sorcerer escapes!
You hear a shout!
You hear a shout!
The deep elf sorcerer gestures at you while chanting.
The sphere of damnation explodes!
The damnation engulfs you!!!
* * * LOW HITPOINT WARNING * * *
Unknown command.
You feel yourself speed up.
You hear a shout!
The deep elf sorcerer is engulfed in freezing vapours.
The deep elf sorcerer points at you and mumbles some strange words.
The bolt of acid hits you!
* * * LOW HITPOINT WARNING * * *
The acid corrodes you!
Unknown command.
The deep elf sorcerer points at you and mumbles some strange words.
The sphere of damnation explodes!
The damnation engulfs you!!
You die...

#.....##...## ... #....e# ....
.... #.....##..( #....
#......##)##..^..
#....e(e#'#......
##...°°e°........
##.............# #..○§.°.......#
###....@○...### ##...☼.○.## ###
###############.##############..
#.............'..........'[)...[
#..#######..###.<.[.....['.[..).
##''## #..# #..........##)####
.....## #..# ##.........##.#
......#####..###..........##.##
......'........'..........'...###


You could see a deep elf blademaster, 2 deep elf sorcerers, a deep elf
zephyrmancer and a +2 vampiric battleaxe.

Vanquished Creatures
  Nikola (Elf:3)
  Jorgrun (Elf:1)
  Zenata (Elf:1)
  Rupert (D:12)
  A lich (Abyss:3)
  2 deep elf master archers (Elf:3)
  A titan (Shoals:4)
  A tentacled starspawn (Elf:1)
  Donald (Elf:3)
  Ilsuiw (Shoals:2)
  6 deep elf sorcerers
  Aizul (Spider:4)
  4 emperor scorpions
  3 ghost moths
  2 deep elf elementalists (Elf:3)
  3 broodmothers (Spider:4)
  2 deep elf demonologists (Elf:3)
  A minotaur (Gauntlet)
  3 spark wasps
  3 deep elf annihilators (Elf:3)
  4 entropy weavers
  A deep elf death mage (Elf:3)
  Snorg (D:10)
  Josephine (Spider:1)
  A fire dragon (D:15)
  An ettin (Orc:1)
  7 merfolk javelineers (Shoals:4)
  A green death (Abyss:3)
  4 deep elf high priests
  10 merfolk impalers
  A vault guard (D:13)
  Fannar (Lair:2)
  A jorogumo (Spider:4)
  An ice dragon (D:15)
  11 hydras
  A demonspawn (Orc:2)
  4 merfolk avatars
  12 boulder beetles
  An alligator snapping turtle (Shoals:2)
  3 catoblepae
  8 centaur warriors
  6 merfolk aquamancers
  2 two-headed ogres
  Erica (D:8)
  An anaconda (Lair:5)
  3 satyrs
  3 radroaches
  3 death knights
  A death scarab (Gauntlet)
  Urug (D:11)
  30 dancing weapons
  3 death yaks (Lair:5)
  2 orc high priests (Orc:2)
  A sun demon (Orc:2)
  12 deep elf knights
  Nergalle (Lair:1)
  Amaemon (D:10)
  3 pharaoh ants
  A fire crab (shapeshifter) (D:14)
  5 deep elf archers
  4 sun moths
  A spriggan simulacrum (IceCv)
  12 sea snakes
  9 skeletal warriors
  12 steelbarb worms
  8 orb spiders
  Pikel (D:7)
  A lindwurm (Lair:5)
  A wizard (D:14)
  2 phantasmal warriors
  16 harpies
  5 orc knights
  19 deep elf zephyrmancers
  21 deep elf pyromancers
  4 ugly things
  8 fauns
  6 orc sorcerers (Orc:2)
  9 cyclopes
  12 manticores
  6 moths of wrath
  19 wolf spiders
  6 merfolk sirens
  An apocalypse crab (Abyss:3)
  An orange demon (D:10)
  14 water nymphs
  8 elephants
  5 torpor snails
  7 black mambas
  A molten gargoyle (Gauntlet)
  3 gargoyles
  A minotaur zombie (Gauntlet)
  An unseen horror (shapeshifter) (D:15)
  3 yaktaurs (D:15)
  3 freezing wraiths
  4 komodo dragons
  7 demonic crawlers
  7 cane toads
  4 efreet
  A komodo dragon (shapeshifter) (D:14)
  A kobold demonologist (D:11)
  3 rime drakes
  An ice devil (Orc:2)
  An ancient zyme (Abyss:3)
  A hellwing (Orc:2)
  6 red devils
  6 trolls
  10 meliai
  9 polar bears (Lair:5)
  16 blink frogs
  33 merfolk
  11 wind drakes
  A polar bear (shapeshifter) (D:15)
  22 tarantellas
  A raiju (Gauntlet)
  A tarantella (shapeshifter) (D:13)
  A hornet (D:11)
  22 dream sheep
  7 snapping turtles
  6 slime creatures
  A spectral dream sheep (Gauntlet)
  30 jumping spiders
  18 culicivoras
  8 air elementals
  20 water elementals
  2 vampires
  11 wraiths
  3 ynoxinuls
  6 fire elementals
  10 yaks
  A dire elephant simulacrum (IceCv)
  3 wyverns
  7 basilisks
  2 fire bats (Volcano)
  50 redbacks
  5 steam dragons
  11 vampire mosquitoes
  A large abomination (Abyss:3)
  4 wargs (Lair:5)
  3 acid dragons
  9 water moccasins
  2 harpy simulacra (IceCv)
  13 hell hounds (Lair:5)
  2 ice beasts
  23 orc warriors
  An ice beast (shapeshifter) (D:15)
  A sky beast (D:7)
  8 black bears (Lair:5)
  An alligator simulacrum (IceCv)
  5 ogres
  16 centaurs
  23 wolves
  A phantom (D:7)
  15 bullfrogs
  A lemure (D:7)
  10 kobold brigands
  2 necrophages (D:4)
  2 gnoll sergeants (D:9)
  5 earth elementals
  A scorpion (D:4)
  8 wights
  Dowan (D:7)
  A lindwurm simulacrum (IceCv)
  3 killer bees (D:10)
  3 electric eels
  4 howler monkeys
  6 lava snakes (Volcano)
  2 gnoll boudas
  A human zombie (D:4)
  16 orc priests
  2 jellies
  3 hounds
  An iron imp (Abyss:3)
  2 scorpion zombies (D:4)
  4 hell rats (Lair:3)
  9 orc wizards
  Natasha (thrice) (D:3)
  6 iguanas
  2 hound zombies (D:4)
  Robin (D:3)
  4 gnolls (D:9)
  10 adders
  3 river rats (Sewer)
  3 shadow imps
  2 white imps
  3 adder zombies (D:4)
  2 worms
  3 dart slugs
  52 orcs
  11 ball pythons
  8 endoplasms
  2 giant cockroaches
  16 goblins
  7 hobgoblins
  A jackal (Sewer)
  A quokka (D:1)
  9 bats
  5 frilled lizards
  27 kobolds
  12 rats
1202 creatures vanquished.

Vanquished Creatures (collateral kills)
  A merfolk javelineer (Shoals:4)
  An alligator snapping turtle (Shoals:2)
  A demonspawn (Orc:2)
  An orc high priest (Orc:2)
  A steelbarb worm (Spider:2)
  A harpy (Shoals:4)
  An orc knight (Orc:2)
  2 lindwurms (Lair:5)
  2 orc sorcerers (Orc:2)
  A slime creature (D:12)
  A faun (Shoals:2)
  3 elephants (Lair:3)
  A merfolk siren (Lair:3)
  4 water nymphs (Shoals:2)
  A molten gargoyle (Gauntlet)
  A rime drake (Lair:5)
  3 trolls
  6 merfolk
  A polar bear (Lair:5)
  2 blink frogs (Lair:2)
  A raiju (Lair:5)
  2 culicivoras
  2 jumping spiders
  A basilisk (Lair:5)
  A water elemental (Shoals:1)
  3 redbacks
  3 wargs
  Duvessa (D:7)
  A hell hound (Lair:5)
  A water moccasin (Lair:5)
  2 black bears (Lair:5)
  3 orc warriors (Orc:2)
  2 ogres
  A wolf (Lair:1)
  A howler monkey (D:10)
  2 orc priests (Orc:2)
  An orc wizard (Orc:2)
  2 hell rats (Lair:3)
  10 orcs
  A kobold (D:9)
76 creatures vanquished.

Vanquished Creatures (others)
  A deep elf demonologist (Elf:3)
  A sea snake (Shoals:2)
  A harpy (Shoals:1)
  An orc knight (Orc:2)
  2 orc sorcerers (Orc:2)
  A molten gargoyle (Volcano)
  An elephant (Lair:4)
  2 merfolk
  A dream sheep (Shoals:3)
  A yak (Lair:1)
  A steam dragon (D:9)
  An orc warrior (Orc:2)
  A black bear (Lair:5)
  A wolf (Lair:1)
  A wight (D:10)
  An orc priest (Orc:2)
  An orc (Orc:2)
  26 fungi
  116 plants
  6 starspawn tentacles (Elf:1)
167 creatures vanquished.

Grand Total: 1445 creatures vanquished

Notes
Turn   | Place    | Note
-------+----------+-------------------------------------------
     0 | D:1      | catcat the Gargoyle Earth Elementalist began the quest for
                  | the Orb.
     0 | D:1      | Reached XP level 1. HP: 10/10 MP: 3/3
   183 | D:1      | Found a faded altar of an unknown god.
   201 | D:1      | Prayed at the altar of an unknown god.
   201 | D:1      | Became a worshipper of Qazlal Stormbringer
   201 | D:1      | Reached * piety under Qazlal
   211 | D:1      | Reached skill level 4 in Earth Magic
   255 | D:1      | Reached XP level 2. HP: 16/16 MP: 1/5
   510 | D:1      | Reached skill level 1 in Fighting
   719 | D:1      | Learned a level 2 spell: Passwall
   825 | D:2      | Reached XP level 3. HP: 20/20 MP: 4/6
   966 | D:2      | Reached ** piety under Qazlal
  1197 | D:2      | Noticed Terence
  1502 | D:1      | Learned a level 3 spell: Stone Arrow
  1577 | D:3      | Found Caukeck's Weapon Shoppe.
  1647 | D:3      | Noticed Robin
  1650 | D:3      | Reached skill level 5 in Earth Magic
  1675 | D:3      | Reached XP level 4. HP: 19/26 MP: 0/7
  1844 | D:3      | Noticed Natasha
  1849 | D:3      | Killed Natasha
  1904 | D:3      | Noticed Natasha
  1906 | D:3      | Killed Natasha
  1922 | D:3      | Reached XP level 5. HP: 24/31 MP: 3/8
  2041 | D:3      | Reached skill level 6 in Earth Magic
  2044 | D:3      | Killed Robin
  2113 | D:3      | Found a glowing silver altar of Zin.
  2158 | D:3      | Found an ornate altar of the Wu Jian Council.
  2646 | D:3      | Noticed Natasha
  2650 | D:3      | Killed Natasha
  3036 | D:4      | Reached XP level 6. HP: 37/37 MP: 1/9
  3246 | D:4      | Reached *** piety under Qazlal
  3356 | D:4      | Reached skill level 1 in Conjurations
  3356 | D:4      | Reached skill level 7 in Earth Magic
  3580 | D:4      | Found a staircase to the Ecumenical Temple.
  3606 | D:4      | Reached skill level 1 in Invocations
  3952 | D:4      | Reached XP level 7. HP: 39/41 MP: 6/10
  4086 | D:4      | Reached skill level 8 in Earth Magic
  4209 | D:4      | Found an ancient bone altar of Kikubaaqudgha.
  4408 | D:5      | Entered Level 5 of the Dungeon
  4411 | D:5      | Reached skill level 9 in Earth Magic
  4411 | D:5      | Reached XP level 8. HP: 46/46 MP: 4/11
  4543 | D:5      | Found a glowing drain.
  4582 | Sewer    | Entered a sewer
  5525 | D:5      | Reached skill level 10 in Earth Magic
  5797 | D:5      | Learned a level 2 spell: Searing Ray
  5863 | D:5      | Reached skill level 1 in Transmutations
  6067 | D:5      | Reached **** piety under Qazlal
  6790 | D:6      | Reached skill level 5 in Conjurations
  6800 | D:6      | Reached XP level 9. HP: 33/52 MP: 4/13
  7354 | D:6      | Found a burning altar of Makhleb.
  7420 | D:7      | Reached skill level 5 in Fighting
  7454 | D:7      | Noticed Pikel
  7467 | D:7      | Killed Pikel
  7759 | D:7      | Killed Duvessa
  7780 | D:7      | Reached XP level 10. HP: 20/60 MP: 0/16
  7971 | D:7      | Learned a level 5 spell: Iskenderun's Battlesphere
  8009 | D:7      | Noticed Dowan
  8019 | D:7      | Killed Dowan
  8031 | D:7      | Learned a level 1 spell: Magic Dart
  8411 | D:7      | Found a shimmering altar of Xom.
  8446 | D:8      | Found a stormy altar of Qazlal.
  8495 | D:8      | Noticed a centaur warrior
  8504 | D:8      | Killed a centaur warrior
  8834 | D:8      | Noticed Erica
  8841 | D:8      | Killed Erica
  8994 | D:8      | Found a glowing golden altar of the Shining One.
  8996 | D:8      | Found an iron altar of Okawaru.
  8998 | D:8      | Found a radiant altar of Vehumet.
  8998 | D:8      | Found a basalt altar of Yredelemnul.
  8998 | D:8      | Found a broken altar of Ashenzari.
  9000 | D:8      | Found a hide-covered altar of Uskayaw.
  9001 | D:8      | Found a bloodstained altar of Trog.
  9051 | D:8      | Noticed a centaur warrior
  9052 | D:8      | Noticed a cyclops
  9132 | D:8      | Killed a centaur warrior
  9133 | D:8      | Reached skill level 10 in Conjurations
  9178 | D:8      | Killed a cyclops
  9286 | D:8      | Found a snail-covered altar of Cheibriados.
  9410 | D:8      | Found a shimmering blue altar of Sif Muna.
  9757 | D:8      | Reached XP level 11. HP: 69/69 MP: 13/17
  9796 | D:8      | Identified the +0 cloak of Diqiusch {Harm SInv}
  9896 | D:8      | Identified the +1 leather armour of Dice, Bag, and Bottle
                  | {Rampage Will+ Int+2}
 10079 | D:9      | Noticed a five-headed hydra
 10083 | D:9      | Killed a five-headed hydra
 10084 | D:9      | Reached skill level 1 in Armour
 10135 | D:9      | Found a staircase to the Orcish Mines.
 10493 | D:9      | Reached ***** piety under Qazlal
 10618 | D:9      | Found a white marble altar of Elyvilon.
 10618 | D:9      | Found a sparkling altar of Nemelex Xobeh.
 10622 | D:9      | Reached skill level 5 in Invocations
 10651 | D:9      | Reached skill level 5 in Spellcasting
 10717 | D:9      | Identified the +0 buckler of Jongus {rN+}
 10768 | D:9      | Noticed a manticore
 10769 | D:9      | Killed a manticore
 10780 | D:9      | Identified the +0 plate armour of Etuc {-Cast rElec Dex+4}
 10803 | D:9      | Noticed a manticore
 10807 | D:9      | Killed a manticore
 10930 | D:9      | Identified the +8 flail of Disembowelment {flame, *Noise
                  | rPois rF+}
 11138 | D:9      | Learned a level 5 spell: Irradiate
 11145 | D:9      | Found a staircase to the Lair.
 11154 | Lair:1   | Entered Level 1 of the Lair of Beasts
 11154 | Lair:1   | Noticed Nergalle
 11163 | Lair:1   | Killed Nergalle
 11238 | Lair:1   | Reached XP level 12. HP: 76/76 MP: 15/19
 11304 | Lair:1   | Noticed a catoblepas
 11336 | Lair:1   | Killed a catoblepas
 11525 | Lair:1   | Found a dark tunnel.
 11541 | Volcano  | Entered a volcano
 11730 | Volcano  | Found a radiant altar of Vehumet.
 11736 | Volcano  | Noticed a sun demon
 11741 | Volcano  | Noticed a hell knight
 12060 | Lair:1   | Noticed a boulder beetle
 12093 | Lair:1   | Killed a boulder beetle
 13004 | Lair:2   | Reached skill level 10 in Fighting
 13263 | Lair:2   | Noticed Fannar
 13270 | Lair:2   | Killed Fannar
 14206 | Lair:3   | Reached XP level 13. HP: 82/82 MP: 11/21
 14272 | Lair:3   | Reached skill level 5 in Dodging
 14272 | Lair:3   | Reached skill level 15 in Conjurations
 14958 | Lair:3   | Found a hole to the Spider Nest.
 15117 | Lair:3   | Found a staircase to the Shoals.
 16100 | Lair:4   | Reached ****** piety under Qazlal
 16486 | Lair:5   | Entered Level 5 of the Lair of Beasts
 17109 | Lair:5   | Gained mutation: Your large and strong wings let you fly.
                  | [Gargoyle growth]
 17109 | Lair:5   | Reached XP level 14. HP: 90/90 MP: 7/24
 17986 | Lair:5   | Got the Vellum of the Retinue and Beguiling
 18184 | Lair:5   | Found a viscous altar of Jiyva.
 18185 | Lair:5   | Found a staircase to the Slime Pits.
 18517 | Lair:5   | Learned a level 7 spell: Orb of Destruction
 18696 | Orc:1    | Entered Level 1 of the Orcish Mines
 18748 | Orc:1    | Found Exobuf's Overcharged Wands.
 18986 | Orc:2    | Entered Level 2 of the Orcish Mines
 18986 | Orc:2    | Found a staircase to the Elven Halls.
 19286 | Orc:2    | Paralysed by an orc sorcerer for 3 turns
 19683 | Orc:2    | Found Famyuhat's Magic Scroll Shop.
 19794 | Orc:2    | Found Buaxots's Distillery.
 20306 | Orc:2    | Reached XP level 15. HP: 59/96 MP: 1/27
 20847 | Orc:2    | Found Jurabroupp's Antique Armour Emporium.
 20847 | Orc:2    | Found Hivaledi's Book Shoppe.
 20848 | Orc:2    | Found a one-way gate leading to the halls of Pandemonium.
 20883 | Orc:2    | Bought a potion of brilliance for 44 gold pieces
 20883 | Orc:2    | Bought a potion of haste for 110 gold pieces
 20883 | Orc:2    | Bought a potion of heal wounds for 55 gold pieces
 20978 | D:9      | Learned a level 5 spell: Fireball
 21070 | D:10     | Entered Level 10 of the Dungeon
 21167 | D:10     | Noticed Snorg
 21175 | D:10     | Killed Snorg
 21215 | D:10     | Found a shadowy altar of Dithmenos.
 21811 | D:10     | Noticed Amaemon
 21816 | D:10     | Killed Amaemon
 22310 | D:11     | Found a gate leading to a gauntlet.
 22369 | Gauntlet | Entered a Gauntlet
 22369 | Gauntlet | Found a transporter.
 22379 | Gauntlet | Found a transporter.
 22392 | Gauntlet | Found a transporter.
 22393 | Gauntlet | Found a transporter.
 22403 | Gauntlet | Found a transporter.
 22420 | Gauntlet | Found a runed translucent door.
 22421 | Gauntlet | Found a transporter.
 22428 | Gauntlet | Found a runed translucent door.
 22432 | Gauntlet | Found a transporter.
 22445 | Gauntlet | Found a transporter.
 22461 | Gauntlet | Found a transporter.
 22475 | Gauntlet | Found a transporter.
 22475 | Gauntlet | Found a transporter.
 22487 | Gauntlet | Found a transporter.
 22589 | Gauntlet | Found a transporter.
 22620 | Gauntlet | Found a runed translucent door.
 22639 | Gauntlet | Identified the ring of Uderawud {rN+ Will++ Stlth-}
 22984 | Gauntlet | Identified the ring of Kikubaaqudgha's Fury {Dex+4 SInv}
 23304 | D:11     | Noticed Urug
 23309 | D:11     | Killed Urug
 23380 | D:11     | You are sucked into a shaft and drop 1 floor!
 23421 | D:12     | Noticed Rupert
 23436 | D:12     | Killed Rupert
 23561 | D:12     | Found a blossoming altar of Fedhas.
 23813 | D:12     | Identified the +9 flail "Evuabi" {vorpal, rC+ Will- rCorr
                  | Dex+6}
 24385 | Shoals:1 | Entered Level 1 of the Shoals
 24564 | Shoals:1 | Reached skill level 5 in Armour
 25420 | Shoals:1 | Found Gyreobip's Weapon Shop.
 25543 | Shoals:2 | HP: 4/96 [merfolk/+0 glaive[a merfolk impaler] (10)]
 25851 | Shoals:2 | Found Itotzoax's Visitors' Centre.
 25858 | Shoals:2 | Found Itotzoax's Merfolk Magic.
 25858 | Shoals:2 | Found Itotzoax's Merfolk Armours.
 25858 | Shoals:2 | Found Itotzoax's Merfolk Weapons.
 25888 | Shoals:2 | Reached XP level 16. HP: 90/101 MP: 24/29
 25940 | Shoals:2 | Bought a +2 cloak for 214 gold pieces
 25940 | Shoals:2 | Bought a +2 pair of gloves for 214 gold pieces
 26069 | Shoals:2 | Noticed Ilsuiw
 26234 | Shoals:2 | Gained mutation: You have hidden genetic defects.
                  | [mutagenic glow]
 26243 | Shoals:2 | Killed Ilsuiw
 26521 | Shoals:2 | Identified Roxanne's Book of Stones
 26521 | Shoals:2 | Noticed Roxanne
 26799 | Shoals:2 | Learned a level 6 spell: Iron Shot
 27402 | Shoals:3 | Reached skill level 11 in Earth Magic
 27911 | Shoals:3 | Gained mutation: You are clumsy. (Dex -2) [hidden defects]
 28273 | Shoals:3 | Identified a scroll of acquirement
 28278 | Shoals:3 | Acquired 442 gold pieces
 28552 | Shoals:4 | Entered Level 4 of the Shoals
 28621 | Shoals:4 | Reached skill level 12 in Earth Magic
 28802 | Shoals:4 | Paralysed by an air elemental for 1 turns
 29011 | Shoals:4 | Gained mutation: You do not regenerate when monsters are
                  | visible. [hidden defects]
 29011 | Shoals:4 | Lost mutation: You have hidden genetic defects. [hidden
                  | defects expressed]
 29065 | Shoals:4 | Identified the +5 trident of the Badger {antimagic, rElec
                  | Dex+6 SInv}
 29253 | Shoals:4 | Reached skill level 13 in Earth Magic
 30154 | Shoals:4 | Reached skill level 14 in Earth Magic
 30155 | Shoals:4 | Noticed a titan
 30186 | Shoals:4 | Killed a titan
 30761 | Shoals:4 | Reached XP level 17. HP: 102/110 MP: 10/30
 31212 | Shoals:4 | Got a barnacled rune of Zot
 31348 | Shoals:4 | Reached skill level 15 in Earth Magic
 32801 | Elf:1    | Entered Level 1 of the Elven Halls
 32855 | Elf:1    | Noticed Jorgrun
 32874 | Elf:1    | Reached skill level 16 in Earth Magic
 33028 | Elf:1    | Killed Jorgrun
 33512 | Elf:1    | Found Doyxe's Antique Armour Emporium.
 33516 | Elf:1    | Found Tineirch's Antique Armour Emporium.
 33516 | Elf:1    | Found Yphoomaz's Armour Shoppe.
 33521 | Elf:1    | Found Nehaleel's Armour Shoppe.
 33555 | Elf:1    | Bought a shiny helmet for 240 gold pieces
 33603 | Elf:1    | Bought a +1 kite shield of reflection for 189 gold pieces
 33652 | Elf:1    | Reached skill level 1 in Shields
 33659 | Elf:1    | Noticed Zenata
 33899 | Abyss:3  | Found a corrupted altar of Lugonu.
 33899 | Abyss:3  | Cast into level 3 of the Abyss (+3 war axe of distortion)
 33967 | Abyss:3  | Noticed a lich
 33971 | Abyss:3  | Killed a lich
 34054 | Abyss:3  | Paralysed by accursed screaming for 1 turns
 34055 | Abyss:3  | Noticed a tentacled starspawn
 34060 | Elf:1    | Escaped the Abyss
 34613 | Spider:1 | Entered Level 1 of the Spider Nest
 34762 | Spider:1 | Reached skill level 5 in Shields
 35470 | Spider:1 | Reached XP level 18. HP: 98/116 MP: 20/31
 35620 | Spider:1 | Reached skill level 17 in Earth Magic
 35631 | Spider:1 | Noticed Josephine
 35634 | Spider:1 | Killed Josephine
 35658 | Spider:1 | Learned a level 5 spell: Borgnjor's Vile Clutch
 36071 | Spider:2 | Reached skill level 1 in Necromancy
 37990 | Spider:4 | Entered Level 4 of the Spider Nest
 38066 | Spider:4 | Reached skill level 18 in Earth Magic
 38127 | Spider:4 | Found a frozen archway.
 38134 | IceCv    | Entered an ice cave
 39128 | Spider:4 | Noticed Aizul
 39133 | Spider:4 | Killed Aizul
 39538 | Spider:4 | Reached skill level 10 in Spellcasting
 40299 | Spider:4 | Reached XP level 19. HP: 121/121 MP: 25/33
 40366 | Spider:4 | Reached skill level 10 in Shields
 40449 | Spider:4 | Reached skill level 19 in Earth Magic
 40703 | Spider:4 | Got a gossamer rune of Zot
 41636 | D:13     | Found a gate to the Vaults.
 41820 | D:13     | Found Pourolat's Antique Weapon Shop.
 42494 | D:14     | Identified the +2 leather armour of Light {Fly rC- rCorr
                  | Slay+5}
 42764 | D:14     | Reached skill level 20 in Earth Magic
 43534 | D:15     | Entered Level 15 of the Dungeon
 44357 | D:15     | Found a staircase to the Depths.
 44695 | D:15     | Found Neacupoi's Self-Improvement Boutique.
 44951 | Elf:1    | Killed Zenata
 44968 | Elf:1    | Gained mutation: Armour fits poorly on your strangely
                  | shaped body. [mutagenic glow]
 45119 | Elf:1    | Got Wuighohin's Anthology of the Sparrow
 45740 | Elf:2    | Found Cilyariwn's General Store.
 45806 | Elf:2    | Reached skill level 21 in Earth Magic
 46054 | Elf:2    | Found Wuluroil's Distillery.
 46118 | Elf:2    | Found Lenor's Weapon Boutique.
 46151 | Elf:2    | Found Debasur's Weapon Emporium.
 46395 | Elf:2    | Found a runed translucent gate.
 46395 | Elf:2    | Found a runed translucent gate.
 46396 | Elf:2    | Found a runed translucent gate.
 46543 | Elf:2    | Found Nuguta Hyopa's Antique Armour Shoppe.
 46666 | Elf:2    | Reached XP level 20. HP: 127/127 MP: 23/34
 47259 | Elf:3    | Entered Level 3 of the Elven Halls
 47328 | Elf:3    | Reached skill level 22 in Earth Magic
 47328 | Elf:3    | Noticed Donald
 47334 | Elf:3    | Killed Donald
 47382 | Elf:3    | Found Kounecw's Book Shoppe.
 47436 | Elf:3    | Found a flickering gateway to a bazaar.
 47445 | Bazaar   | Entered a bazaar
 47461 | Bazaar   | Found Cerew's Jewellery Emporium.
 47462 | Bazaar   | Found Jubud's Jewellery Emporium.
 47505 | Bazaar   | Found Boifor's Armour Shoppe.
 47505 | Bazaar   | Found Ugu Anih's Jewellery Shoppe.
 47546 | Bazaar   | Bought a ring of resist corrosion for 180 gold pieces
 47660 | Elf:3    | Acquired 612 gold pieces
 47675 | Elf:3    | Paralysed by an air elemental for 1 turns
 47723 | Elf:3    | Found Deprup's Antique Armour Shop.
 47836 | Elf:3    | Found Igyott's Book Boutique.
 47851 | Elf:3    | Found Onidaheu's Jewellery Boutique.
 47884 | Elf:3    | Noticed Nikola
 48215 | Elf:3    | Killed Nikola
 49118 | Elf:3    | Killed from afar by a deep elf sorcerer

Illustrated notes

Levels and vault maps discovered:
D:1:      erik_arrival_blinker_ship, layout_basic,
          ebering_ecumenical_altar_abandoned
D:2:      layout_basic, uniq_terence
D:3:      layout_loops_ring, lemuel_tele_altar, mainiacjoe_overflow_alcove_2,
          serial_shops, nicolae_shop_crystal, minmay_fractal_squares_diagonal_5,
          uniq_robin, uniq_natasha
D:4:      layout_basic, lemuel_mausoleum_altar_kikubaaqudgha,
          minmay_temple_entry_trees, hangedman_decor_opposing, st_stairs_6
D:5:      layout_basic, serial_aquarium, aquarium_bridge_long_joined
          [aquarium_subvault_wall, aquarium_subvault_wall,
          aquarium_subvault_wall, aquarium_subvault_wall,
          aquarium_subvault_window, aquarium_subvault_bridge],
          aquarium_window_corner, aquarium_window_2, aquarium_view_2c,
          aquarium_pool_double, cheibrodos_sewer_entry_bend, nicolae_titane
D:6:      layout_loops_ring, lightli_temple_of_fire
D:7:      layout_loops_ring, lemuel_coloured_pillars_altar, uniq_duvessa,
          uniq_pikel
D:8:      minmay_polygon_palace, layout_cave_pods,
          nicolae_qazlal_style_of_elements, nicolae_sif_muna_little_library,
          cheibriados_altar_1, grunt_temple_overflow_open,
          chequers_serial_rivers_micro_e, st_stairs_1, minmay_diamond_spiral,
          uniq_erica
D:9:      minmay_the_grid_octo_tiled_squarecenter
          [minmay_the_grid_octo_vomiting_pacman, minmay_the_grid_octo_pinwheel,
          minmay_the_grid_octo_chip, minmay_the_grid_octo_toaster,
          minmay_the_grid_square_5x5_megaprize_checkered,
          minmay_the_grid_square_5x5_inner_v,
          minmay_the_grid_square_5x5_tetrominoes,
          minmay_the_grid_square_5x5_two_walls_b,
          minmay_the_grid_square_5x5_doubleslash], layout_basic,
          lair_entry_dummy
D:10:     layout_grid_maze, mainiacjoe_overflow_brackets, serial_glass,
          glass_columns_b, glass_columns_b, glass_columns_a, glass_columns_b,
          uniq_snorg, uniq_amaemon
D:11:     layout_irregular_city, gauntlet_entry_generic, uniq_urug
D:12:     layout_roguey, fedhas_altar_1, uniq_rupert
D:13:     layout_roguey, david_vaults_5, serial_shops,
          nicolae_shop_overgrown_old_shop, serial_park_tiny_pond
D:14:     layout_basic
D:15:     grunt_enter_depths_hoard, layout_basic, chequers_serial_rivers_room_a,
          st_stairs_10, hex_tiny, minmay_statues_item, nicolae_shop_self_help
Lair:1:   layout_small_grid, enter_volcano_4, hangedman_lair_generics_rect,
          uniq_nergalle
Lair:2:   layout_regular_city, uniq_fannar
Lair:3:   layout_roguey, minmay_shoals_entry_lonely_mermaid,
          nicolae_spider_entry_tight_spaces
Lair:4:   layout_loops_ring, infiniplex_staircase_pool_2, grunt_megastairs_2
Lair:5:   hangedman_lair_in_review, layout_gridlike,
          hangedman_lair_caniforms_friends, minmay_slime_entry_oklob_open,
          nicolae_lair_lil_pond, lemuel_fruit_tree
Shoals:1: layout_shoals, nicolae_take_the_stairs
Shoals:2: nicolae_shoals_mermall, layout_shoals, uniq_ilsuiw, uniq_roxanne
Shoals:3: layout_shoals
Shoals:4: shoals_end_hellmonk_storm_palace [storm_palace_center_circular,
          storm_palace_corner_grid, storm_palace_corner_grid,
          storm_palace_corner_blocked, storm_palace_corner_narrow]
Spider:1: layout_spider_delve, uniq_josephine
Spider:2: layout_spider_delve
Spider:3: layout_spider_delve
Spider:4: hellmonk_spider_rune_bug_friends, portal_ice_cave_entry_pillars_2,
          hangedman_spider_mandibles, uniq_aizul
Orc:1:    layout_caves, serial_shops, nicolae_shop_overcharged_wands
Orc:2:    pf_orc_diabolical, layout_caves, rock_pile
Elf:1:    layout_loops_corners, minmay_elf_sorcery,
          einodemon_armed_red_devil_minivault, minmay_shoptagon, uniq_zenata,
          uniq_jorgrun
Elf:2:    elven_hall_of_blades_hangedman_original
          [infiniplex_blade_entry_pillars], layout_onion_city, serial_shops,
          nicolae_shop_bloodbath_and_beyond, nicolae_square_shop,
          nicolae_lakefront_shop, nicolae_stop_n_shop_2, nicolae_shop_waterfront
Elf:3:    nooodl_elf_gasket, layout_gridlike, serial_shops, bzr_firewalk,
          nicolae_shop_waterfront, shop_fountains, nicolae_diamond_shop,
          nicolae_shop_behind_doors, serial_sigils_hangedman_snap,
          statue_in_the_mist_lemuel, uniq_donald, uniq_nikola

Skill      XL: |  1  2  3  4  5  6  7  8  9 10 11 12 13 14 15 16 17 18 19 20 |
---------------+-------------------------------------------------------------+-----
Earth Magic    | 4 5 6 7 9 10 14 16 18 21 22 | 22.0
Fighting       | 1 2 3 4 5 8 9 10 11 12 13 14 | 14.4
Dodging        | 2 3 4 5 6 7 |  7.7
Conjurations   | 2 3 5 8 10 12 14 16 18 20 21 | 21.0
Invocations    | 1 2 3 5 6 7 8 |  8.5
Spellcasting   | 3 4 5 7 8 9 10 11 | 11.0
Transmutations | 2 4 |  4.0
Armour         | 3 5 6 7 |  7.0
Shields        | 7 9 11 13 | 13.0
Necromancy     | 3 |  3.0
Stealth        | |  2.1

Action                   |  1- 3 |  4- 6 |  7- 9 | 10-12 | 13-15 | 16-18 | 19-21 || total
-------------------------+-------+-------+-------+-------+-------+-------+-------++-------
Melee: Short sword       |     8 |     1 |       |     5 |     1 |       |       ||    15
       Flail             |       |       |       |     2 |       |       |       ||     2
       Staff             |       |       |       |       |       |    50 |     3 ||    53
 Cast: Sandblast         |    57 |   102 |   124 |    40 |       |       |       ||   323
       Stone Arrow       |       |       |    48 |   179 |   417 |   126 |    24 ||   794
       Magic Dart        |       |       |       |    55 |    70 |    25 |       ||   150
       Iskenderun's Batt |       |       |       |    23 |    45 |    16 |       ||    84
       Searing Ray       |       |       |       |     5 |     6 |     1 |       ||    12
       Irradiate         |       |       |       |    11 |    69 |    87 |     9 ||   176
       Orb of Destructio |       |       |       |       |     8 |    22 |     8 ||    38
       Iron Shot         |       |       |       |       |       |   485 |   266 ||   751
       Passwall          |       |       |       |       |       |     4 |     1 ||     5
       Borgnjor's Vile C |       |       |       |       |       |     1 |    28 ||    29
Invok: Elemental Force   |       |       |     1 |       |     2 |       |       ||     3
       Upheaval          |       |       |       |       |     1 |       |       ||     1
  Use: Scroll            |     1 |     5 |     6 |    10 |     8 |    20 |     1 ||    51
       Potion            |       |       |       |     1 |     3 |     7 |     1 ||    12
 Stab: Petrified         |       |       |       |     3 |       |       |       ||     3
Armor: Robe              |    12 |    18 |    27 |    17 |   109 |   127 |       ||   310
       Leather armour    |       |       |       |    23 |       |    30 |       ||    53
       Ring mail         |       |       |       |       |     2 |   135 |    62 ||   199
Dodge: Dodged            |    25 |    27 |    44 |    78 |   159 |   270 |    39 ||   642
       Repelled          |       |       |       |     2 |     4 |     8 |     5 ||    19
Block: Other             |     6 |     7 |     5 |       |       |       |       ||    18
       Orb               |       |       |     7 |    30 |    98 |   131 |       ||   266
       Kite shield       |       |       |       |       |       |   142 |   122 ||   264
       Reflection        |       |       |       |       |       |     3 |    50 ||    53
